 Dungeon Crawl Stone Soup version 0.29.1-1-gd02db69 (webtiles) character file.

Game seed: 18063119422246844137

63622 Timinator the Martial Artist (level 14, -2/177 HPs)
             Began as a Demigod Transmuter on Jan 11, 2023.
             Slain by a water elemental (8 damage)
             ... summoned by Ilsuiw
             ... on level 3 of the Shoals.
             The game lasted 01:50:48 (28438 turns).

Timinator the Martial Artist (Demigod Transmuter)  Turns: 28438, Time: 01:50:49

Health: -2/177     AC: 31    Str: 16    XL:     14   Next: 31%
Magic:  0/27       EV:  2    Int: 15    God:
Gold:   1031       SH:  0    Dex: 22    Spells: 7/25 levels left

rFire   . . .      SeeInvis .     - Unarmed
rCold   . . .      Faith    .   (no shield)
rNeg    . . .      Spirit   +   (body armour currently unavailable)
rPois   +          Reflect  .   (helmet currently unavailable)
rElec   +          Harm     .   (cloak currently unavailable)
rCorr   .          Rampage  .   (gloves currently unavailable)
Will    ++...      Clarity  +   (boots currently unavailable)
Stlth   +......... NoTele   +   h - amulet of guardian spirit
HPRegen 0.39/turn               l - ring "Zymo" {rElec Will+ AC+4 Str-3 Slay+3}
MPRegen 0.20/turn               r - ring of poison resistance

@: tree-form (expiring), silenced, wereblooded, attractive
A: stationary, stasis, torment immunity, boosted hp, high MP 1, forlorn, divine
attributes, (iridescent scales 1), (large bone plates 1), clarity, wild magic 1
a: no special abilities


You were on level 3 of the Shoals.
You were a tree.
You visited 5 branches of the dungeon, and saw 21 of its levels.
You visited the Abyss 1 time.
You also visited: Ossuary.

You collected 2043 gold pieces.
You spent 1012 gold pieces at shops.

Inventory:

Hand Weapons
 L - the +8 whip "Snakebite" {venom, curare, rPois}
   (You found it on level 1 of the Lair of Beasts)

   It poisons the flesh of those it strikes.
   It occasionally inflicts asphyxiating poison on those it strikes, dealing
   poison damage and causing slowness.
   rPois:     It protects you from poison.
Missiles
 p - 5 curare-tipped darts
 u - 2 throwing nets
 B - 7 javelins (quivered)
Armour
 d - a +0 helmet (melded)
 i - a +3 leather armour of poison resistance
 w - a +1 hat
 C - a +0 pair of boots (melded)
 E - the +1 pair of gloves of Fedhas's Hope (melded) {Will+}
   (You found it on level 3 of the Lair of Beasts)

   Will:      It increases your willpower.
 H - a +4 ring mail of fire resistance
 J - a +2 leather armour of willpower (melded)
 N - a +0 cloak (melded)
Jewellery
 h - an amulet of guardian spirit (around neck)
 k - a +4 ring of slaying
 l - the ring "Zymo" (left branch) {rElec Will+ AC+4 Str-3 Slay+3}
   (You took it off an orc on level 3 of the Dungeon)

   [ring of protection]

   AC:        It affects your AC (+4).
   Str:       It affects your strength (-3).
   Slay:      It affects your accuracy & damage with ranged weapons and melee
   (+3).
   rElec:     It insulates you from electricity.
   Will:      It increases your willpower.
 m - a ring of flight
 r - a ring of poison resistance (right branch)
 z - a ring of protection from fire
 U - a +4 ring of evasion
Wands
 n - a wand of light (11)
 y - a wand of polymorph (6)
 O - a wand of iceblast (12)
 Q - a wand of digging (13)
 R - a wand of flame (18)
 T - a wand of mindburst (11)
Scrolls
 a - 3 scrolls of vulnerability
 f - 3 scrolls of fear {unknown}
 g - 9 scrolls of teleportation
 j - a scroll of brand weapon {unknown}
 q - 2 scrolls of silence
 s - 4 scrolls of enchant armour
 t - 5 scrolls of enchant weapon
 D - a scroll of acquirement {unknown}
 F - a scroll of poison {unknown}
 K - a scroll of butterflies {unknown}
 M - 2 scrolls of amnesia {unknown}
 P - 2 scrolls of blinking {unknown}
 V - a scroll of torment {unknown}
 W - a scroll of identify
 X - 2 scrolls of magic mapping
 Y - a scroll of immolation {unknown}
Potions
 b - 11 potions of brilliance
 c - 7 potions of resistance
 e - 7 potions of curing
 o - a potion of cancellation
 x - a potion of ambrosia
 A - a potion of mutation
 G - 2 potions of flight
 I - 2 potions of magic


   Skills:
 * Level 9.4 Fighting
 - Level 5.0 Maces & Flails
 - Level 3.0 Armour
 * Level 10.9 Dodging
 - Level 0.8 Shields
 + Level 13.6 Unarmed Combat
 + Level 6.1 Spellcasting
 * Level 9.9 Transmutations
 - Level 5.0 Ice Magic
 * Level 4.2 Earth Magic


You had 7 spell levels left.
You knew the following spells:

 Your Spells              Type           Power      Damage    Failure   Level
a - Beastly Appendage     Tmut           88%        N/A       1%          1
b - Wereblood             Tmut           44%        N/A       1%          2
c - Ice Form              Ice/Tmut       35%        N/A       11%         4
d - Statue Form           Tmut/Erth      22%        N/A       83%         6
e - Blade Hands           Tmut           22%        N/A       11%         5

Your spell library contained the following spells:

 Spells                   Type           Power      Damage    Failure   Level
 Sting                    Tmut/Pois      100%       1d8       3%          1
 Spider Form              Tmut/Pois      25%        N/A       9%          3
 Petrify                  Tmut/Erth      33%        N/A       12%         4
 Necrotise                Necr           24%        1d5       21%         1
 Slow                     Hex            24%        N/A       21%         1
 Poisonous Vapours        Pois/Air       12%        N/A       30%         2
 Scorch                   Fire           12%        2d5       30%         2
 Confusing Touch          Hex            6%         N/A       50%         3
 Vampiric Draining        Necr           6%         2d6       50%         3
 Irradiate                Conj/Tmut      12%        3d15      54%         5
 Animate Armour           Summ/Erth      28%        N/A       61%         4
 Flame Wave               Conj/Fire      6%         2d5       87%         4
 Olgreb's Toxic Radiance  Pois           6%         N/A       87%         4
 Passage of Golubria      Tloc           6%         N/A       87%         4
 Metabolic Englaciation   Hex/Ice        7%         N/A       87%         5
 Dragon Form              Tmut           22%        N/A       94%         7
 Agony                    Necr           6%         N/A       99%         5
 Fireball                 Conj/Fire      3%         3d4       99%         5
 Iskenderun's Battlesphe  Conj           6%         2d6       99%         5
 Silence                  Hex/Air        3%         N/A       99%         5
 Conjure Ball Lightning   Conj/Air       3%         3x3d6     100%        6
 Iron Shot                Conj/Erth      7%         9d2       100%        6
 Summon Cactus Giant      Summ           3%         N/A       100%        6
 Orb of Destruction       Conj           3%         9d5       100%        7
 Lehudib's Crystal Spear  Conj/Erth      7%         10d3      100%        8


Dungeon Overview and Level Annotations

Branches:
Dungeon (9/15)             Temple (0/1) D:5            Lair (5/5) D:8
 Shoals (3/4) Lair:3       Spider (2/4) Lair:2        Slime (0/5) Lair:4
    Orc (2/2) D:9             Elf (0/3) Orc:2       Ossuary (visited)

Shops:
Orc:2 ::[*   Shoals:1 ?   Shoals:2 *

Annotations:
Lair:2 exclusion: 3 oklob plants
Shoals:3 Ilsuiw


Innate Abilities, Weirdness & Mutations

You are a tree.
Your roots penetrate the ground, keeping you stationary.
You cannot be teleported.
You are immune to unholy pain and torment.
Your maximum health is greatly increased.
Your equipment is partially melded.
You have an increased reservoir of magic. (+10% MP)
You shall have no god before yourself.
Your divine heritage dramatically boosts your attributes as you level up.
((You are partially covered in iridescent scales. (AC +2)))
((You are partially covered in large bone plates. (SH +4)))
You possess an exceptional clarity of mind.
Your spells are a little harder to cast, but a little more powerful.


Message History

The harpy claws you but does no damage. The harpy claws you!
* * * LOW HITPOINT WARNING * * *
The harpy claws you.
* * * LOW HITPOINT WARNING * * *
The harpy claws you but does no damage.
The merfolk avatar is attracted toward you.
Ilsuiw is attracted toward you.
You pummel the harpy!!
The harpy is almost dead.
The shadowy forms in the deep grow still as others approach.
The harpy claws you!
* * * LOW HITPOINT WARNING * * *
The harpy claws you but does no damage. Ilsuiw is attracted toward you.
The merfolk avatar is attracted toward you.
You pummel Ilsuiw!!
Ilsuiw is lightly wounded.
The harpy claws you but does no damage. The harpy completely misses you.
Ilsuiw casts a spell.
The water elemental is attracted toward you.
The merfolk avatar is attracted toward you.
You smack Ilsuiw!
Ilsuiw is moderately wounded.
The water elemental disappears in a puff of smoke!
The harpy claws you!
* * * LOW HITPOINT WARNING * * *
The harpy claws you but does no damage.
The merfolk avatar chants a haunting song.
You are unaffected.
Ilsuiw hits you but does no damage.
The water elemental is attracted toward you. x2
Unknown command.
Okay, then.
As you read the scroll of silence, it crumbles to dust.
A profound silence engulfs you.
The merfolk avatar's song is interrupted.
The harpy claws you!
* * * LOW HITPOINT WARNING * * *
The harpy claws you.
* * * LOW HITPOINT WARNING * * *
The harpy claws you but does no damage. x2; The water elemental hits you!
You die...

≈≈≈≈≈≈~~~[~~~~P~..~≈≈≈≈≈~~~
≈≈≈≈≈≈~~~~~≈≈~~~~~~≈≈≈≈≈≈~~
≈≈≈≈≈≈≈≈≈≈≈≈≈≈≈≈≈≈≈≈≈≈≈≈≈~~
≈≈≈≈≈≈≈≈≈≈≈≈≈≈≈≈≈≈≈≈≈≈≈~~~
≈≈≈≈≈≈≈≈~~~~≈≈≈≈≈≈≈≈≈~~~
≈≈≈≈≈≈≈~§~~~≈≈≈~~≈≈≈~~~~
≈≈≈≈≈~~~§§§~≈≈≈~~≈≈≈~~~
≈≈≈≈§~HEmEE~~~~~~≈≈~~
≈≈≈≈≈~m♣# ~~~~~~.## ~~~.~~.
~~~~~~. ~~~~~.~ ~~~.###
~>~. ~~~


You could see Ilsuiw, a merfolk avatar, 3 water elementals and a harpy.

Vanquished Creatures
  Rupert (Lair:2)
  Kirke (Shoals:1)
  A fenstrider witch (Shoals:1)
  A spark wasp (Spider:1)
  A merfolk impaler (Shoals:2)
  A merfolk javelineer (Shoals:1)
  The ghost of strontium90w the Summoner, a journeyman GnSu of Fedhas (Orc:2)
  A merfolk avatar (Shoals:2)
  Erolcha (Orc:1)
  A boulder beetle (Lair:2)
  4 hydras
  A radroach (Spider:1)
  A catoblepas (Lair:4)
  A satyr (Shoals:2)
  3 orc high priests (Orc:2)
  Sonja (Orc:2)
  Urug (Lair:3)
  2 pharaoh ants (Lair:2)
  A steelbarb worm (Spider:2)
  4 sea snakes
  14 harpies
  4 orc knights (Orc:1)
  4 orc sorcerers (Orc:2)
  A moth of wrath (Spider:1)
  3 manticores
  17 elephants
  A merfolk siren (Shoals:1)
  A water nymph (Shoals:1)
  2 black mambas (Lair:1)
  A torpor snail (Spider:1)
  10 cane toads
  5 komodo dragons
  3 rime drakes
  3 demonic crawlers
  6 merfolk
  The ghost of MalacsCross the Trooper, an amateur DsAK of Lugonu (D:3)
  2 wind drakes (Shoals:1)
  4 polar bears
  2 hornets
  Grinder (D:5)
  The ghost of naoky the Cutter, an amateur HuWn of Kikubaaqudgha (D:5)
  3 tarantellas
  11 blink frogs
  6 snapping turtles
  2 jumping spiders
  10 yaks
  7 wyverns
  3 hogs (Shoals:1)
  3 basilisks
  7 redbacks
  2 steam dragons
  A warg (Orc:1)
  Menkaure (D:5)
  21 water moccasins
  An acid dragon (D:9)
  Duvessa (D:5)
  A floating eye (Lair:5)
  20 orc warriors
  3 sky beasts
  3 black bears
  A wolf (Lair:3)
  An ice beast (D:5)
  A centaur (D:9)
  7 ogres
  2 kobold brigands
  16 bullfrogs
  4 scorpions
  5 wights (D:7)
  Dowan (D:5)
  4 killer bees (D:5)
  A howler monkey (D:7)
  2 hounds
  A jelly (D:6)
  22 orc priests
  2 iguanas
  21 orc wizards
  4 mummies (Ossuary)
  14 adders
  3 gnolls (D:5)
  3 shadow imps
  A white imp (D:6)
  3 worms
  4 dart slugs
  82 orcs
  12 endoplasms
  3 giant cockroaches
  5 gnoll zombies (Ossuary)
  18 goblins
  10 hobgoblins
  4 jackals
  13 kobolds
  4 quokkas
  4 ball pythons
  3 bats
  4 frilled lizards
  3 gnoll skeletons (Ossuary)
  3 goblin skeletons (Ossuary)
  4 goblin zombies (Ossuary)
  3 hobgoblin skeletons (Ossuary)
  3 hobgoblin zombies (Ossuary)
  3 kobold skeletons (Ossuary)
  2 kobold zombies (Ossuary)
  8 orc skeletons (Ossuary)
  7 orc zombies (Ossuary)
  5 rats
  5 rat skeletons (Ossuary)
  4 rat zombies (Ossuary)
556 creatures vanquished.

Vanquished Creatures (others)
  A human (Shoals:1)
  A bush (Lair:5)
  27 fungi
  85 plants
  2 starspawn tentacles (Abyss:1)
  7 withered plants (Lair:5)
123 creatures vanquished.

Grand Total: 679 creatures vanquished

Notes
Turn   | Place    | Note
-------+----------+-------------------------------------------
     0 | D:1      | Timinator the Demigod Transmuter began the quest for the
                  | Orb.
     0 | D:1      | Reached XP level 1. HP: 15/15 MP: 5/5
    23 | D:1      | Reached skill level 1 in Fighting
   364 | D:1      | Reached XP level 2. HP: 23/23 MP: 5/7
   369 | D:1      | Reached skill level 3 in Unarmed Combat
  1550 | D:2      | Reached XP level 3. HP: 10/28 MP: 6/8
  1979 | D:2      | Learned a level 2 spell: Wereblood
  2170 | D:2      | Reached skill level 1 in Armour
  2294 | D:2      | Reached XP level 4. HP: 34/35 MP: 7/9
  2773 | D:3      | Found a runed translucent door.
  2773 | D:3      | Noticed MalacsCross's ghost (amateur DsAK)
  2783 | D:3      | Identified the ring "Zymo" {rElec Will+ AC+4 Str-3 Slay+3}
  3518 | D:3      | Killed MalacsCross's ghost
  3519 | D:3      | Reached skill level 4 in Unarmed Combat
  3519 | D:3      | Reached XP level 5. HP: 29/42 MP: 7/10
  3519 | D:3      | Reached XP level 6. HP: 33/49 MP: 7/11
  3901 | D:4      | Reached skill level 5 in Unarmed Combat
  4011 | D:4      | You fall into a shaft and drop 2 floors!
  4068 | D:6      | Reached XP level 7. HP: 41/56 MP: 10/12
  4224 | D:5      | Entered Level 5 of the Dungeon
  4236 | D:5      | Noticed Grinder
  4262 | D:5      | Killed Grinder
  4263 | D:5      | Reached skill level 6 in Unarmed Combat
  4951 | D:5      | Noticed naoky's ghost (amateur HuWn)
  4954 | D:5      | Noticed a hornet
  4975 | D:5      | Found a transporter.
  5060 | D:5      | Reached XP level 8. HP: 58/63 MP: 13/13
  5065 | D:5      | Learned a level 4 spell: Ice Form
  5103 | D:5      | Found a staircase to the Ecumenical Temple.
  5126 | D:5      | Noticed Menkaure
  5147 | D:5      | Killed Menkaure
  5282 | D:5      | Reached skill level 7 in Unarmed Combat
  5294 | D:5      | Noticed Duvessa
  5295 | D:5      | Noticed Dowan
  5319 | D:5      | Killed Dowan
  5320 | D:5      | Killed Duvessa
  5431 | D:5      | Found a transporter.
  5872 | D:5      | Reached skill level 1 in Ice Magic
  5884 | D:5      | Killed naoky's ghost
  5886 | D:5      | Paralysed by a hornet for 1 turns
  5896 | D:5      | Killed a hornet
  6217 | D:6      | Reached XP level 9. HP: 43/71 MP: 11/15
  6365 | D:6      | Reached skill level 8 in Unarmed Combat
  7009 | D:7      | Reached skill level 5 in Transmutations
  7085 | D:7      | Found a sand-covered staircase.
  7119 | Ossuary  | Entered an ossuary
  7899 | D:7      | Gained mutation: You are partially covered in iridescent
                  | scales. (AC +2) [potion of mutation]
  7899 | D:7      | Gained mutation: You possess an exceptional clarity of
                  | mind. [potion of mutation]
  7899 | D:7      | Gained mutation: You are partially covered in large bone
                  | plates. (SH +4) [potion of mutation]
  7899 | D:7      | Gained mutation: Your spells are a little harder to cast,
                  | but a little more powerful. [potion of mutation]
  8178 | D:7      | Reached skill level 9 in Unarmed Combat
  8329 | D:8      | Reached skill level 5 in Fighting
  8329 | D:8      | Reached skill level 5 in Dodging
  8377 | D:8      | Found a staircase to the Lair.
  9029 | D:8      | Reached XP level 10. HP: 75/81 MP: 13/16
  9667 | D:9      | Found a staircase to the Orcish Mines.
 10191 | Lair:1   | Entered Level 1 of the Lair of Beasts
 10417 | Lair:1   | Reached skill level 10 in Unarmed Combat
 10453 | Lair:1   | Noticed a seven-headed hydra
 10535 | Lair:1   | Killed a seven-headed hydra
 11255 | Lair:1   | Noticed a black mamba
 11261 | Lair:1   | Killed a black mamba
 11262 | Lair:1   | Reached XP level 11. HP: 77/89 MP: 7/17
 11426 | Lair:1   | Reached skill level 5 in Ice Magic
 11534 | Lair:1   | Found the +8 whip "Snakebite" {venom, curare, rPois}
 12199 | Lair:2   | Reached skill level 1 in Maces & Flails
 12351 | Lair:2   | Found a hole to the Spider Nest.
 13174 | Spider:1 | Entered Level 1 of the Spider Nest
 13186 | Spider:1 | Noticed a pharaoh ant
 13203 | Lair:2   | Killed a pharaoh ant
 13219 | Lair:2   | Reached skill level 11 in Unarmed Combat
 13795 | Lair:3   | Noticed a six-headed hydra
 13797 | Lair:3   | Identified the +1 pair of gloves of Fedhas's Hope {Will+}
 13814 | Lair:3   | Killed a six-headed hydra
 14113 | Lair:3   | Noticed Urug
 14124 | Lair:3   | Killed Urug
 14517 | Lair:3   | Found a staircase to the Shoals.
 14938 | Lair:4   | Found a staircase to the Slime Pits.
 14946 | Lair:4   | Noticed a catoblepas
 14960 | Lair:4   | Killed a catoblepas
 14995 | Lair:4   | Reached XP level 12. HP: 76/100 MP: 13/21
 15111 | Lair:4   | Noticed an eight-headed hydra
 15120 | Lair:4   | HP: 4/100 [eight-headed hydra (10)]
 15683 | Lair:4   | Killed an eight-headed hydra
 16796 | Lair:5   | Entered Level 5 of the Lair of Beasts
 16814 | Lair:5   | Noticed Nessos
 17187 | Lair:5   | Noticed Nessos
 17187 | Lair:5   | Nessos changed into Nessos the floating eye
 17190 | Lair:5   | Killed Nessos the floating eye
 17292 | Lair:5   | Reached skill level 12 in Unarmed Combat
 17645 | Lair:5   | Noticed a dire elephant
 17645 | Lair:5   | Noticed a dire elephant
 17645 | Lair:5   | Noticed a dire elephant
 17646 | Lair:5   | Noticed a dire elephant
 17946 | Lair:5   | Reached skill level 5 in Maces & Flails
 18194 | Lair:5   | Noticed a seven-headed hydra
 18601 | Lair:5   | Killed a seven-headed hydra
 18893 | Orc:1    | Entered Level 1 of the Orcish Mines
 18899 | Orc:1    | Noticed Erolcha
 18907 | Orc:1    | Killed Erolcha
 19448 | Orc:2    | Entered Level 2 of the Orcish Mines
 19448 | Orc:2    | Found a runed translucent gate.
 19448 | Orc:2    | Found a runed translucent gate.
 19448 | Orc:2    | Found a runed translucent gate.
 19682 | Orc:1    | Reached XP level 13. HP: 90/107 MP: 17/24
 19732 | Orc:1    | Reached skill level 5 in Spellcasting
 19838 | Orc:2    | Found a staircase to the Elven Halls.
 19934 | Orc:2    | Noticed strontium90w's ghost (journeyman GnSu)
 20153 | Orc:2    | Found Nexkoid's General Store.
 20393 | Orc:1    | Learned a level 6 spell: Statue Form
 20478 | Orc:2    | Noticed Sonja
 20997 | Orc:1    | Reached skill level 1 in Earth Magic
 21233 | Abyss:1  | Cast into level 1 of the Abyss (Sonja)
 21294 | Abyss:1  | Noticed a tentacled starspawn
 21314 | Orc:2    | Escaped the Abyss
 21319 | Orc:2    | Killed Sonja
 21881 | Orc:2    | Found Awijiej's Armour Boutique.
 21886 | Orc:2    | Found Toskaff's Book Emporium.
 21886 | Orc:2    | Found Bisahesm's Book Emporium.
 22073 | Orc:2    | Killed strontium90w's ghost
 22404 | Orc:2    | Bought a scroll of teleportation for 48 gold pieces
 22404 | Orc:2    | Bought 3 scrolls of teleportation for 144 gold pieces
 22404 | Orc:2    | Bought a scroll of enchant armour for 120 gold pieces
 22456 | Orc:2    | Bought a book of Debilitation for 300 gold pieces
 22914 | Spider:1 | Noticed Rupert
 22941 | Lair:2   | Killed Rupert
 22942 | Lair:2   | Reached skill level 13 in Unarmed Combat
 23703 | Spider:1 | Noticed a spark wasp
 23710 | Spider:1 | Killed a spark wasp
 24520 | Shoals:1 | Entered Level 1 of the Shoals
 24538 | Shoals:1 | Reached skill level 10 in Dodging
 25684 | Shoals:1 | Found Cusajo Zyri's Magic Scroll Boutique.
 25727 | Shoals:1 | Noticed Kirke
 25742 | Shoals:1 | Killed Kirke
 25782 | Shoals:1 | Noticed a fenstrider witch
 25906 | Shoals:1 | Killed a fenstrider witch
 25907 | Shoals:1 | Reached XP level 14. HP: 106/118 MP: 24/27
 25994 | Shoals:1 | Bought a scroll of identify for 32 gold pieces
 25994 | Shoals:1 | Bought a scroll of teleportation for 48 gold pieces
 25994 | Shoals:1 | Bought a scroll of teleportation for 48 gold pieces
 25994 | Shoals:1 | Bought a scroll of enchant armour for 120 gold pieces
 25994 | Shoals:1 | Bought a scroll of magic mapping for 120 gold pieces
 25994 | Shoals:1 | Bought a scroll of identify for 32 gold pieces
 26159 | Shoals:1 | Learned a level 5 spell: Blade Hands
 26182 | Shoals:2 | Found Wupeid's Overcharged Wands.
 28397 | Shoals:3 | Noticed Ilsuiw
 28438 | Shoals:3 | HP: 6/177 [harpy (4)]
 28438 | Shoals:3 | Slain by a water elemental

Illustrated notes

Levels and vault maps discovered:
D:1:      scummos_arrival_star, layout_basic
D:2:      layout_basic
D:3:      layout_rooms, nicolae_uskayaw_murder_on_the_dancefloor,
          hellmonk_ghost_happy_afterlife
D:4:      layout_loops_cross
D:5:      layout_loops_ring, minmay_temple_entry_statues_fountains,
          gammafunk_ghost_hive, uniq_grinder, uniq_menkaure, uniq_duvessa
D:6:      layout_rooms, nicolae_qazlal_scattered_showers,
          mainiacjoe_overflow_paths, nicolae_zen_rock_garden
D:7:      layout_rooms, trog_hazing_becter, vehumet_crystals,
          nicolae_overflow_crystal_walls, nicolae_ossuary_entry_false_entrances
D:8:      layout_basic, mainiacjoe_overflow_six_doors_small, lemuel_round_altar,
          david_lair_generic
D:9:      layout_roguey, tgw_sif, minmay_orc_entry_temple_small
Lair:1:   minmay_guarded_unrand_snakebite, layout_loops_ring,
          chequers_serial_rivers_small_b, grunt_megastairs_1
Lair:2:   minmay_lair_oklob_tunnel, layout_misc_corridors, dummy_spider_entry
Lair:3:   layout_cave_pods, minmay_shoals_entry_hut, beast_lair_carwin_3,
          infiniplex_staircase_pool, serial_bayou_shore_a, uniq_urug
Lair:4:   layout_small_grid, slime_entry_1, gauntlet_entry_generic
Lair:5:   due_jungle_book, layout_cave_pods, grunt_megastairs_5, uniq_nessos
Shoals:1: layout_shoals, serial_shops, shop_fountains,
          nicolae_shoals_beach_house_on_fowls_legs, uniq_kirke
Shoals:2: layout_shoals, nicolae_shop_overcharged_wands
Shoals:3: layout_shoals, serial_shops, shop_statue,
          nicolae_shoals_siren_and_animal_friends, uniq_ilsuiw
Spider:1: layout_spider_delve, uniq_rupert
Spider:2: layout_spider_delve
Orc:1:    layout_diamond_mine, uniq_erolcha
Orc:2:    st_orc_elflike, layout_diamond_mine, ebering_ghost_rock_garden,
          uniq_sonja

Skill      XL: |  1  2  3  4  5  6  7  8  9 10 11 12 13 14 |
---------------+-------------------------------------------+-----
Fighting       | 1 2 3 4 5 6 7 8 9 |  9.4
Unarmed Combat | 3 4 5 6 7 9 10 11 12 13 | 13.6
Transmutations | 2 3 4 5 6 7 8 9 |  9.9
Dodging        | 2 3 4 5 6 7 9 10 | 10.9
Armour         | 1 2 3 |  3.0
Spellcasting   | 2 3 4 5 6 |  6.1
Ice Magic      | 2 3 4 5 |  5.0
Maces & Flails | 3 5 |  5.0
Earth Magic    | 3 4 |  4.2
Shields        | |  0.8

Action                   |  1- 3 |  4- 6 |  7- 9 | 10-12 | 13-15 || total
-------------------------+-------+-------+-------+-------+-------++-------
Melee: Unarmed           |   122 |   138 |   375 |   658 |   415 ||  1708
       Kick              |    41 |    32 |   122 |   249 |   115 ||   559
       Headbutt          |    18 |    18 |    76 |   164 |    78 ||   354
       Punch             |     5 |     3 |    10 |    69 |    47 ||   134
       Whip              |       |       |       |    22 |   103 ||   125
Throw: Throwing net      |       |       |     1 |       |       ||     1
       Javelin           |       |       |       |    15 |       ||    15
 Cast: Beastly Appendage |    26 |    21 |    51 |    75 |    33 ||   206
       Wereblood         |     2 |     8 |    30 |    46 |    30 ||   116
       Ice Form          |       |       |       |     9 |    16 ||    25
Evoke: Wand              |       |       |       |     7 |       ||     7
  Use: Scroll            |     2 |       |     5 |     6 |    10 ||    23
       Potion            |       |     1 |     3 |    10 |    11 ||    25
 Stab: Distracted        |     1 |       |       |     1 |       ||     2
       Sleeping          |       |     2 |     1 |     1 |     1 ||     5
       Held in net/web   |       |       |     1 |       |       ||     1
Armor: Robe              |    17 |       |       |       |       ||    17
       Leather armour    |       |    36 |    81 |   156 |   163 ||   436
       Skin              |       |     6 |    23 |    86 |   136 ||   251
Dodge: Dodged            |    73 |    60 |   167 |   478 |   493 ||  1271
Block: Other             |       |       |     4 |    88 |    93 ||   185
